 Dungeon Crawl Stone Soup version 0.25-a0-565-g8875c97 (webtiles) character file.

Game seed: 3515332361071017462, levelgen mode: deterministic

97 Anathematize the Insei (level 4, -1/33 HPs)
             Began as a Demonspawn Transmuter on Feb 26, 2020.
             Was an Initiate of Makhleb.
             Slain by an iguana (2 damage)
             ... on level 4 of the Dungeon.
             The game lasted 00:08:10 (2243 turns).

Anathematize the Insei (Demonspawn Transmuter)      Turns: 2243, Time: 00:08:11

Health: -1/33      AC:  7    Str: 10    XL:     4   Next: 42%
Magic:  7/7        EV: 10    Int: 16    God:    Makhleb [......]
Gold:   114        SH:  0    Dex: 15    Spells: 6/7 levels left

rFire    . . .     SeeInvis .     - Unarmed
rCold    . . .     Gourm    .   (no shield)
rNeg     . . .     Faith    .   m - +0 ring mail
rPois    .         Spirit   .   j - +1 helmet
rElec    .         Reflect  .   (no cloak)
rCorr    .         Harm     .   (no gloves)
MR       .....                  (no boots)
Stlth    +.........             (no amulet)
HPRegen  0.11/turn              (no ring)
MPRegen  0.10/turn              (no ring)

@: mighty, lethally poisoned (-1 -> -4), stab, flying
A: hooves 1, thin skeletal structure 1
a: Renounce Religion


You were on level 4 of the Dungeon.
You worshipped Makhleb.
Makhleb was noncommittal.
You were not hungry.

You visited 1 branch of the dungeon, and saw 4 of its levels.

You collected 114 gold pieces.

Inventory:

Missiles
 p - 5 curare-tipped darts (quivered)
Armour
 b - a +0 robe
 j - a +1 helmet (worn)
 l - a +0 chain mail
 m - a +0 ring mail (worn)
Jewellery
 a - an uncursed ring of magical power {unknown}
 q - an uncursed ring of stealth {unknown}
Scrolls
 e - 4 scrolls of identify {unknown}
 f - 2 scrolls of enchant armour {unknown}
 k - a scroll of magic mapping {unknown}
 o - a scroll of remove curse {unknown}
Potions
 g - a potion of flight
 s - a potion of curing {unknown}
Comestibles
 d - 7 rations
 r - 2 chunks of flesh


   Skills:
 + Level 2.1 Fighting
 + Level 0.8 Armour
 - Level 1.7 Dodging
 * Level 3.7 Unarmed Combat
 - Level 2.0 Spellcasting
 - Level 2.4 Transmutations
 + Level 1.3 Invocations


You had 6 spell levels left.
You knew the following spells:

 Your Spells              Type           Power        Failure   Level  Hunger
a - Beastly Appendage     Tmut           #.....       21%         1    #......

Your spell library contained the following spells:

 Spells                   Type           Power        Failure   Level  Hunger
 Sticks to Snakes         Tmut           #.......     30%         2    ###....
 Spider Form              Tmut/Pois      #.........   69%         3    ###....
 Ice Form                 Ice/Tmut       #.......     97%         4    #####..
 Blade Hands              Tmut           #.........   99%         5    ######.


Dungeon Overview and Level Annotations

Branches:
Dungeon (3/15)

Altars:
Gozag
Makhleb
Xom
Yredelemnul
Zin
The Shining One

Shops:
D:2 *


Innate Abilities, Weirdness & Mutations

You have large cloven feet.
You have a somewhat thin skeletal structure. (Dex +2, Stealth)


Message History

The iguana is severely wounded.
You feel sick.
The iguana bites you but does no damage.
The worker ant bites you but does no damage.
Your ring mail prevents you from hitting the iguana.
Your kick misses the iguana.
The iguana is severely wounded.
The worker ant closely misses you. The iguana bites you.
The worker ant barely misses you.
You closely miss the iguana. You kick the iguana.
The iguana is severely wounded.
You feel sick.
An iguana comes into view.
The iguana barely misses you. The worker ant barely misses you.
The iguana hisses angrily.
The iguana bites you!
* * * LOW HITPOINT WARNING * * *
The worker ant bites you but does no damage.
The iguana bites you.
You die...

## ..##
###....
.....
##...##
##.....#..
##l@...>...
#..........
##a.......#
#.......##
.........#
..l........
...........
............
...........


You could see 2 iguanas and a worker ant.

Vanquished Creatures
  Jessica (D:2)
  2 adders
  A worm (D:2)
  A dart slug (D:1)
  A leopard gecko (D:2)
  An orc (D:3)
  A ball python (D:1)
  6 bats
  2 giant cockroaches (D:1)
  6 goblins
  7 hobgoblins
  2 quokkas (D:2)
  2 frilled lizards
  4 kobolds
  7 rats
44 creatures vanquished.

Vanquished Creatures (others)
  A worker ant (D:4)
  A frilled lizard (D:4)
2 creatures vanquished.

Grand Total: 46 creatures vanquished

Notes
Turn   | Place    | Note
-------+----------+-------------------------------------------
     0 | D:1      | Anathematize the Demonspawn Transmuter began the quest for
                  | the Orb.
     0 | D:1      | Reached XP level 1. HP: 15/15 MP: 3/3
   286 | D:1      | Gained mutation: You have a somewhat thin skeletal
                  | structure. (Dex +2, Stealth) [demonic ancestry]
   286 | D:1      | Reached XP level 2. HP: 21/21 MP: 3/5
   318 | D:1      | Reached skill level 3 in Unarmed Combat
  1161 | D:2      | Found a glowing silver altar of Zin.
  1162 | D:2      | Found Zin's Purification Station.
  1175 | D:2      | Found a burning altar of Makhleb.
  1178 | D:2      | Found a glowing golden altar of the Shining One.
  1180 | D:2      | Lost mutation: You have claws for feet. [demonic ancestry]
  1180 | D:2      | Lost mutation: You have razor-sharp toenails. [demonic
                  | ancestry]
  1180 | D:2      | Lost mutation: You have sharp toenails. [demonic ancestry]
  1180 | D:2      | Gained mutation: You have large cloven feet. [demonic
                  | ancestry]
  1180 | D:2      | Reached XP level 3. HP: 26/26 MP: 4/6
  1197 | D:2      | Found an opulent altar of Gozag.
  1197 | D:2      | Found a shimmering altar of Xom.
  1197 | D:2      | Found a basalt altar of Yredelemnul.
  1236 | D:2      | Became a worshipper of Makhleb the Destroyer
  1495 | D:2      | Noticed Jessica
  1502 | D:2      | Killed Jessica
  1502 | D:2      | Reached skill level 1 in Invocations
  1502 | D:2      | Reached XP level 4. HP: 22/33 MP: 7/7
  1671 | D:2      | Found a faded altar of an unknown god.
  2229 | D:3      | You fall into a shaft and drop 1 floor!
  2242 | D:4      | HP: 1/33 [iguana (8)]
  2243 | D:4      | Slain by an iguana

Levels and vault maps discovered:
D:1:      erik_arrival_blinker_ship, layout_loops_ring,
          minmay_shallow_snake_nest
D:2:      layout_loops_ring, zin_purify, grunt_temple_overflow_open,
          chequers_ecumenical_altar_twisty, uniq_jessica
D:3:      kennysheep_big_flooded_room, layout_basic
D:4:      layout_cave_pools, lemuel_doored_altar, overflow_temple_1_default,
          portal_sewer_entry_a, xom_confusion_cloud

Skill      XL: |  1  2  3  4 |
---------------+-------------+-----
Transmutations | 2 |  2.4
Unarmed Combat | 3 |  3.7
Invocations    | 1 |  1.3
Fighting       | 2 |  2.1
Armour         | |  0.8
Dodging        | |  1.7
Spellcasting   | |  2.0

Action                   |  1- 3 |  4- 6 || total
-------------------------+-------+-------++-------
Melee: Unarmed           |   118 |    55 ||   173
       Kick              |    19 |    16 ||    35
       Headbutt          |     1 |       ||     1
 Cast: Beastly Appendage |    17 |       ||    17
  Use: Potion            |       |     5 ||     5
 Stab: Sleeping          |     2 |     1 ||     3
       Distracted        |     2 |       ||     2
  Eat: Chunk             |     2 |     3 ||     5
Armor: Robe              |    23 |       ||    23
       Ring mail         |     3 |    19 ||    22
Dodge: Dodged            |    82 |    33 ||   115

Table legend:
 A = Non-vault XP
 B = Vault XP
 C = Vault XP percentage of total XP
 D = Non-vault monster count
 E = Vault monster count
 F = Vault count percentage of total count
                 A         B        C        D         E       F
            +---------+---------+-------+---------+---------+-------
      Total |     100 |      39 |  28.1 |      42 |       2 |   4.5
            +---------+---------+-------+---------+---------+-------
        D:1 |      33 |       2 |   5.7 |      21 |       1 |   4.5
        D:2 |      40 |      37 |  48.1 |      13 |       1 |   7.1
        D:3 |      27 |       0 |   0.0 |       8 |       0 |   0.0
            +---------+---------+-------+---------+---------+-------
